 Dungeon Crawl Stone Soup version 0.30-a0-250-g41c1d76940 (webtiles) character file.

Game seed: 18268489512229568160

60 koil the Sneak (level 3, -1/16 HPs)
             Began as a Spriggan Enchanter on Oct 13, 2022.
             Slain by an adder (3 damage)
             ... on level 2 of the Dungeon.
             The game lasted 00:04:44 (1340 turns).

koil the Sneak (Spriggan Enchanter)                 Turns: 1340, Time: 00:04:45

Health: -1/16      AC:  2    Str:  4    XL:     3   Next: 80%
Magic:  1/8        EV: 18    Int: 16    God:
Gold:   47         SH:  0    Dex: 17    Spells: 6/8 levels left

rFire   . . .      SeeInvis +    a - +1 dagger
rCold   . . .      Faith    .    (no shield)
rNeg    . . .      Spirit   .    b - +0 robe
rPois   .          Reflect  .    (helmet restricted)
rElec   .          Harm     .    (no cloak)
rCorr   .          Rampage  .    (gloves unavailable)
Will    .....                    (boots unavailable)
Stlth   +++.......               (no amulet)
HPRegen 0.22/turn                (no ring)
MPRegen 0.11/turn                (no ring)

@: very quick
A: very small, no large weapons, unfitting armour, see invisible, speed 3
a: no special abilities


You were on level 2 of the Dungeon.
You visited 1 branch of the dungeon, and saw 2 of its levels.

You collected 47 gold pieces.

Inventory:

Hand Weapons
 a - a +1 dagger (weapon)
Missiles
 j - 4 poisoned darts (quivered)
Armour
 b - a +0 robe (worn)
Scrolls
 e - 2 scrolls of fear {unknown}
 f - 2 scrolls of teleportation {unknown}
 h - a scroll of enchant weapon {unknown}
 i - a scroll of identify {unknown}
 m - a scroll of amnesia {unknown}
 o - a scroll of noise {unknown}
Potions
 c - 2 potions of invisibility
 d - a potion of haste {unknown}
 g - a potion of might {unknown}
 k - 2 potions of flight {unknown}
 l - a potion of resistance {unknown}
 n - a potion of lignification {unknown}


   Skills:
 + Level 2.0 Short Blades
 + Level 3.4 Dodging
 + Level 5.1 Stealth
 + Level 3.3 Spellcasting
 + Level 4.1 Hexes


You had 6 spell levels left.
You knew the following spells:

 Your Spells              Type           Power      Damage    Failure   Level
a - Ensorcelled Hibernat  Hex/Ice        18%        N/A       12%         2

Your spell library contained the following spells:

 Spells                   Type           Power      Damage    Failure   Level
 Confusing Touch          Hex            16%        N/A       10%         3
 Tukima's Dance           Hex            16%        N/A       10%         3
 Dazzling Flash           Conj/Hex       18%        N/A       22%         3
 Stone Arrow              Conj/Erth      4%         3d7       50%         3
 Animate Armour           Summ/Erth      4%         N/A       88%         4
 Lehudib's Crystal Spear  Conj/Erth      1%         10d2      100%        8


Dungeon Overview and Level Annotations

Branches:
Dungeon (2/15)

Altars:


Innate Abilities, Weirdness & Mutations

You are very small and have problems with some larger weapons.
You are too small for most types of armour.
You have supernaturally acute eyesight. (SInv)
You cover ground extremely quickly. (Speed+++)


Message History

You barely miss the adder.
The adder is lightly wounded.
The adder completely misses you.
Casting: Ensorcelled Hibernation (safe; 12% risk of failure)
Confirm with . or Enter, or press ? or * to list all spells.
Aiming: Ensorcelled Hibernation (safe; 12% risk of failure)
Press: ? - help, Shift-Dir - straight line, f/p - adder
Aim: an adder (lightly wounded, chance to affect: 51%)
The adder resists with significant effort.
The adder bites you. The adder bites you but does no damage.
You closely miss the adder.
The adder is lightly wounded.
The adder closely misses you.
You miss the adder.
The adder is lightly wounded.
The adder misses you.
You closely miss the adder.
The adder is lightly wounded.
The adder bites you.
* * * LOW HITPOINT WARNING * * *
You hit the adder.
The adder is heavily wounded.
The adder completely misses you.
You miss the adder.
The adder is heavily wounded.
The adder misses you.
You miss the adder.
The adder is heavily wounded.
The adder misses you.
You hit the adder.
The adder is heavily wounded.
The adder misses you. The adder bites you.
* * * LOW HITPOINT WARNING * * *
You hit the adder.
The adder is severely wounded.
The adder closely misses you.
You closely miss the adder.
The adder is severely wounded.
The adder bites you.
You die...

#S##.#######.#.#####..#.#
#.##.#.......#.#####..#.#
#.##.#.##>...............
#.##.#.............#..#.#
#.##.#####.#.#.##.....#.#
#.##..................#..
#........#.#####......###
########S#.######.##.## #
#...@#........##.####
###############..##.....
#<†.........###....#####
#####.........#.##......
#.#####.#.#.########
#.#.....#.#.#.......
#.#.##..............
#.#.##.##...........
#.#.##.##...........


You could see an adder.

Vanquished Creatures
  2 gnolls (D:2)
  An adder (D:2)
  5 bats
  3 endoplasms
  3 hobgoblins
  3 jackals (D:1)
  2 kobolds (D:1)
  4 ball pythons
  2 frilled lizards
  2 goblins
  2 rats (D:2)
29 creatures vanquished.

Notes
Turn   | Place    | Note
-------+----------+-------------------------------------------
     0 | D:1      | koil the Spriggan Enchanter began the quest for the Orb.
     0 | D:1      | Reached XP level 1. HP: 9/9 MP: 5/5
   287 | D:1      | Reached XP level 2. HP: 12/13 MP: 6/6
   290 | D:1      | Learned a level 2 spell: Ensorcelled Hibernation
  1073 | D:2      | Reached XP level 3. HP: 16/16 MP: 8/8
  1150 | D:2      | Reached skill level 5 in Stealth
  1340 | D:2      | Slain by an adder

Illustrated notes

Levels and vault maps discovered:
D:1:      grunt_arrival_lava_bath, layout_loops_ring
D:2:      layout_basic, st_stairs_2, minivault_27

Skill      XL: |  1  2  3 |
---------------+----------+-----
Dodging        | 3 |  3.4
Spellcasting   | 3 |  3.3
Hexes          | 4 |  4.1
Stealth        | 5 |  5.1
Short Blades   | 2 |  2.0

Action                   || total
-------------------------++-------
Melee: Dagger            ||   120
 Cast: Ensorcelled Hiber ||    14
 Stab: Sleeping          ||     8
Armor: Robe              ||    16
Dodge: Dodged            ||   114

Table legend: (Time is in decaauts)
 A = Elapsed time spent in this place.
 B = Non-inter-level travel time spent in this place.
 C = Inter-level travel time spent in this place.
 D = Time resting spent in this place.
 E = Time spent auto-exploring this place.
 F = Levels seen in this place.
 G = Mean time per level.
                   A        B        C        D        E       F      G
               +--------+--------+--------+--------+--------+-----+--------+
         Total |    948 |    917 |     31 |    120 |    527 |   2 |  474.0 |
       Dungeon |    948 |    917 |     31 |    120 |    527 |   2 |  474.0 |
               +--------+--------+--------+--------+--------+-----+--------+

Top non-repeatable levels by time:
     D:1: 656 daAuts
     D:2: 291 daAuts
